 Dungeon Crawl Stone Soup version 0.21-a0-630-g344d351 (webtiles) character file.

359681 shenanigans the Spry (level 22, -4/200 HPs)
             Began as a Barachi Skald on Dec 26, 2017.
             Was an Elder of Okawaru.
             Killed from afar by a deep elf knight (38 damage)
             ... with a shard of ice
             ... on level 1 of the Elven Halls.
             The game lasted 03:38:55 (48460 turns).

shenanigans the Spry (Barachi Skald)               Turns: 48460, Time: 03:38:55

Health: -4/200     AC: 20    Str: 15    XL:     22   Next: 41%
Magic:  0/38       EV:  6    Int: 22    God:    Okawaru [****..]
Gold:   2800       SH: 15    Dex: 23    Spells: 37/46 levels left

rFire    + . .     SeeInvis +   a - +3 broad axe (vamp)
rCold    . . .     Gourm    .   T - +0 large shield
rNeg     . . .     Faith    .   E - +4 chain mail of Untruth {rElec rPois Regen+ Stlth+}
rPois    +         Spirit   +   l - +0 hat of Uminaxesk {Regen+ Dex+8}
rElec    +         Reflect  .   o - scarf {Spirit}
rCorr    .         Harm     .   A - +2 pair of gloves
MR       +....                  F - +2 pair of boots {Fly}
Stlth    ..........             G - amulet of regeneration
HPRegen  1.63/turn              x - ring of protection from fire
MPRegen  0.26/turn              m - ring "Ocwanott" {Int+6 SInv}

@: flying, extremely drained, slow
A: +LOS, swims, dopey 1, robust 1, slowness 1, strong legs 2
}: 2/15 runes: barnacled, gossamer
a: Hop, Heroism, Renounce Religion, Stop Flying


You were on level 1 of the Elven Halls.
You worshipped Okawaru.
Okawaru was greatly pleased with you.
You were near starving.

You visited 9 branches of the dungeon, and saw 38 of its levels.
You visited the Abyss 3 times.
You also visited: Sewer, Bailey and Desolation.

You collected 3942 gold pieces.
You spent 1142 gold pieces at shops.

Inventory:

Hand Weapons
 a - a +3 vampiric broad axe (weapon)
 b - a +2 broad axe of flaming
 c - a +0 antimagic broad axe
 d - a +2 broad axe of chopping
 N - a +1 eveningstar of holy wrath
Armour
 l - the +0 hat of Uminaxesk (worn) {Regen+ Dex+8}
   (Okawaru gifted it to you on level 4 of the Shoals)

   It affects your dexterity (+8).
   It increases your rate of regeneration.
 o - a scarf of spirit shield (worn)
 w - the +9 crystal plate armour "Diuwe" {Dex+6}
   (Okawaru gifted it to you on level 3 of the Spider Nest)

   It affects your dexterity (+6).
 A - a +2 pair of gloves (worn)
 E - the +4 chain mail of Untruth (worn) {rElec rPois Regen+ Stlth+}
   (You bought it in a shop on level 4 of the Dungeon)

   It insulates you from electricity.
   It protects you from poison.
   It increases your rate of regeneration.
   It makes you more stealthy.
 F - a +2 pair of boots of flying (worn)
 Q - the +3 hat of Dawn {MP+9 Str+4}
   (You found it on level 1 of the Lair of Beasts)

   It affects your strength (+4).
   It affects your magic capacity (+9).
 T - a +0 large shield (worn)
 U - a scarf of resistance
 W - a +2 shield of protection
 Y - +0 pearl dragon scales
Jewellery
 k - a +2 amulet of reflection
 m - the ring "Ocwanott" (right hand) {Int+6 SInv}
   (You found it on level 1 of the Vaults)

   [ring of see invisible]

   It affects your intelligence (+6).
   It lets you see invisible.
 s - an uncursed ring of protection from cold
 x - a ring of protection from fire (left hand)
 y - an uncursed ring of protection from fire
 D - an uncursed ring of poison resistance
 G - an amulet of regeneration (around neck)
 K - an uncursed ring of positive energy
 Z - an uncursed ring of wizardry {unknown}
Wands
 I - a wand of paralysis (18)
 M - a wand of digging (27)
 V - a wand of disintegration (47)
Scrolls
 g - 10 scrolls of amnesia
 h - 26 scrolls of remove curse
 i - 11 scrolls of identify
 j - 11 scrolls of teleportation
 t - 3 scrolls of enchant armour
 B - 4 scrolls of fear
 C - 5 scrolls of holy word
 X - 7 scrolls of fog
Potions
 e - 8 potions of haste
 f - a potion of berserk rage
 n - 5 potions of resistance
 p - 15 potions of curing
 r - 4 potions of mutation
 v - 4 potions of brilliance
 z - 3 potions of invisibility
 L - 6 potions of agility
 P - 5 potions of magic
 R - 5 potions of ambrosia
 S - 9 potions of flight
Books
 u - a book of Minor Magic

   Spells                             Type                      Level
   a - Magic Dart                     Conjuration                  1
   b - Blink                          Translocation                2
   c - Call Imp                       Summoning                    2
   d - Slow                           Hexes                        2
   e - Conjure Flame                  Conjuration/Fire             3
   f - Mephitic Cloud                 Conjuration/Poison/Air       3
 H - a book of Frost

   Spells                             Type                      Level
   a - Freeze                         Ice                          1
   b - Throw Frost                    Conjuration/Ice              2
   c - Ozocubu's Armour               Charms/Ice                   3
   d - Throw Icicle                   Conjuration/Ice              4
   e - Summon Ice Beast               Ice/Summoning                4
 J - the Compendium of Dark Rites
   (You found it on level 1 of the Depths)

   Spells                             Type                      Level
   a - Animate Skeleton               Necromancy                   1
   b - Sublimation of Blood           Necromancy                   2
   c - Regeneration                   Charms/Necromancy            3
   d - Agony                          Necromancy                   5
   e - Simulacrum                     Ice/Necromancy               6
Comestibles
 q - 58 rations


   Skills:
 - Level 17.4(5.6) Fighting
 - Level 17.3(5.5) Axes
 - Level 17.3(5.5) Armour
 - Level 17.6(5.7) Dodging
 - Level 10.0(0.0) Stealth
 - Level 17.1(5.3) Shields
 * Level 12.8(2.1) Spellcasting
 - Level 3.2(0.0) Charms
 * Level 8.1(0.0) Fire Magic
 - Level 7.0(0.0) Invocations


You had 37 spell levels left.
You knew the following spells:

 Your Spells              Type           Power        Failure   Level  Hunger
a - Infusion              Chrm           #...         100%        1    #......
b - Song of Slaying       Chrm           #.......     100%        2    ##.....
c - Apportation           Tloc           #.....       100%        1    #......
d - Summon Butterflies    Summ           #.......     100%        1    #......
e - Conjure Flame         Conj/Fire      #.......     100%        3    ###....
f - Freeze                Ice            #...         100%        1    #......


Dungeon Overview and Level Annotations

Branches:
Dungeon (15/15)            Temple (1/1) D:4            Lair (6/6) D:9
 Shoals (4/4) Lair:4       Spider (4/4) Lair:3        Slime (0/5) Lair:6
    Orc (2/2) D:11            Elf (1/3) Orc:2        Vaults (4/5) D:13
  Crypt (0/3) Vaults:2     Depths (1/5) D:15

Altars:
Ashenzari
Cheibriados
Dithmenos
Elyvilon
Fedhas
Gozag
Hepliaklqana
Kikubaaqudgha
Makhleb
Nemelex Xobeh
Okawaru
Qazlal
Ru
Sif Muna
Trog
Uskayaw
Vehumet
Wu Jian
Xom
Yredelemnul
Zin
The Shining One
Beogh
Jiyva

Shops:
D:4 [   Orc:2 }%(%   Vaults:2 =:*([   Vaults:4 :

Portals:
Hell: Depths:1
Abyss: Depths:1
Pandemonium: Orc:2
Ziggurat: Depths:1
Trove: Depths:1 (give 5 scrolls of blinking)

Annotations:
D:11 2 runed doors
Shoals:1 1 exclusion
Shoals:4 exclusion: oklob plant
Abyss:1 Nergalle


Innate Abilities, Weirdness & Mutations

Shadows flee at your approach. (+LOS)
You can swim through water.
You cover ground slowly.
You can hop long distances.
You are dopey. (Int -2)
You are robust. (+10% HP)


Message History

* * * LOW HITPOINT WARNING * * *
Unknown command.
The deep elf knight blocks your attack.
The deep elf knight is almost dead.
The deep elf knight hits you with a scimitar.
* * * LOW HITPOINT WARNING * * *
You block the deep elf knight's attack.
Unknown command.
The deep elf knight blocks your attack.
The deep elf knight is severely wounded.
The deep elf knight hits you with a scimitar.
* * * LOW HITPOINT WARNING * * *
The deep elf knight casts a spell at you.
The shard of ice hits you!
* * * LOW HITPOINT WARNING * * *
You slash the deep elf knight!
You feel better.
The deep elf knight is almost dead.
The deep elf knight gestures at you while chanting.
The shard of ice hits you!
You die...

#.# ##.##.#
#.###.###.#
#.#.## #.#
#.## #.#
#.#.## #.#
#.###.###.#
#.# ##.##.#
#. ##.#.# #
##@e# ##)#
... .#.#
.#..# .#
#.# .# #..
.# ..# ..
#.


You could see a deep elf knight (invisible).

Vanquished Creatures
  Nikola (Shoals:1)
  Jorgrun (Shoals:3)
  2 liches
  Asterion (Vaults:1)
  A sphinx (Depths:1)
  Frances (D:13)
  Polyphemus (Shoals:3)
  2 tentacled starspawn (Abyss:3)
  A storm dragon (Vaults:4)
  Kirke (Spider:3)
  2 shadow dragons (Depths:1)
  Ilsuiw (Shoals:4)
  A revenant (Abyss:2)
  An orc warlord (Vaults:2)
  2 deep elf sorcerers
  A frost giant (Depths:1)
  5 ghost moths
  7 emperor scorpions (Spider:4)
  7 vault wardens
  Louise (Shoals:3)
  11 very ugly things
  A vampire knight (Depths:1)
  A war gargoyle (Vaults:2)
  7 ironheart preservers
  6 stone giants
  3 entropy weavers
  A deep elf demonologist (Vaults:2)
  A purple draconian (Abyss:2)
  A halazid warlock (Desolation)
  A spark wasp (Spider:4)
  3 deep elf death magi
  Snorg (Lair:3)
  10 merfolk impalers
  An ettin (Depths:1)
  5 merfolk javelineers
  3 ragged hierophants (Desolation)
  2 jiangshi (Depths:1)
  6 yaktaur captains
  4 fire dragons
  9 vault guards
  2 great orbs of eyes
  4 rakshasas
  2 servants of whispers (Desolation)
  A quicksilver dragon skeleton (Depths:1)
  2 ice dragons (Vaults:2)
  3 alligator snapping turtles
  6 death knights
  9 centaur warriors
  A peacekeeper (Desolation)
  11 hydras
  Erica (D:8)
  A catoblepas (Shoals:3)
  8 ogre magi
  A dancing weapon (Elf:1)
  31 two-headed ogres
  4 merfolk aquamancers
  3 merfolk avatars
  3 satyrs
  2 deep troll shamans (Depths:1)
  A deep troll earth mage (Depths:1)
  3 hell hogs (Abyss:3)
  2 thrashing horrors (Abyss:2)
  4 death yaks
  2 vampire magi (Depths:1)
  4 orc high priests (Orc:2)
  5 tengu warriors
  5 hell knights
  3 shadow wraiths
  A sun demon (Orc:2)
  Sonja (D:11)
  9 deep elf knights
  A fire crab (Lair:6)
  A soul eater (Depths:1)
  A death drake (shapeshifter) (Vaults:4)
  13 skeletal warriors
  A wretched star (Abyss:3)
  4 unseen horrors
  An iron troll (Depths:1)
  A spatial maelstrom (Abyss:2)
  15 deep trolls
  An unseen horror (shapeshifter) (Vaults:4)
  15 sea snakes
  4 flayed ghosts
  A tengu zombie (Depths:1)
  A kraken simulacrum (Shoals:4)
  4 wizards
  13 orb spiders
  12 ironbrand convokers
  16 deep elf magi
  6 necromancers
  30 harpies
  4 deep elf archers
  32 ugly things
  8 orc knights
  8 orc sorcerers
  A wolf spider (shapeshifter) (Vaults:4)
  A phantasmal warrior (Vaults:3)
  A shadow dragon skeleton (Vaults:3)
  24 wolf spiders
  6 manticores
  A cyclops (shapeshifter) (Vaults:1)
  6 cyclopes
  16 fauns
  2 moths of wrath
  A worldbinder (Abyss:2)
  A dire elephant zombie (Abyss:2)
  A fire giant zombie (D:15)
  2 elephants (Lair:5)
  2 sphinx skeletons (Depths:1)
  3 merfolk sirens (Shoals:4)
  2 stone giant skeletons (D:15)
  Joseph (D:9)
  2 guardian serpents (Desolation)
  A fire giant skeleton (D:15)
  3 molten gargoyles
  A frost giant skeleton (Vaults:3)
  8 water nymphs
  A torpor snail (shapeshifter) (Vaults:2)
  An apocalypse crab (Abyss:2)
  2 torpor snails (Spider:4)
  5 black mambas
  2 smoke demons (Abyss:2)
  A gargoyle (D:10)
  14 vault sentinels
  A rime drake (Lair:6)
  2 orange demons (Abyss:3)
  5 spiny frogs
  2 spriggan zombies (Depths:1)
  2 yaktaurs (shapeshifter) (Vaults:4)
  2 kobold demonologists
  23 yaktaurs
  A tengu conjurer (D:15)
  2 efreet
  11 freezing wraiths
  7 komodo dragons
  3 ancient zymes
  9 demonic crawlers
  An ice devil (Orc:2)
  A polar bear (Lair:6)
  12 trolls
  32 jumping spiders
  2 meliai (D:12)
  31 merfolk
  5 wind drakes
  9 hornets
  24 blink frogs
  9 raiju
  A hornet (shapeshifter) (Vaults:1)
  10 saltlings (Desolation)
  10 hippogriffs
  27 dream sheep
  A frost giant simulacrum (Vaults:3)
  A meliai zombie (D:10)
  6 snapping turtles
  Sigmund (D:4)
  63 redbacks
  20 slime creatures
  An air elemental (Abyss:3)
  A fire dragon skeleton (Depths:1)
  3 vampires
  6 large abominations
  7 ynoxinuls
  3 shadows
  24 tarantellas
  3 spriggan skeletons (Depths:1)
  7 water elementals
  29 yaks
  14 starcursed masses
  An ice dragon skeleton (Abyss:3)
  4 hungry ghosts
  A fire elemental (Elf:1)
  3 hogs (Spider:3)
  A spriggan (shapeshifter) (Vaults:4)
  4 basilisks
  A hog (shapeshifter) (Abyss:2)
  6 wraiths
  7 wyverns
  4 steam dragons
  3 chaos spawn
  2 vampire mosquitoes (D:14)
  7 small abominations
  2 neqoxecs
  Menkaure (D:5)
  7 wargs
  A swamp worm (shapeshifter) (Vaults:4)
  2 soldier ants (D:10)
  Edmund (D:4)
  7 water moccasins
  2 acid dragons
  4 hell hounds (Lair:6)
  12 porcupines
  A hornet zombie (D:11)
  12 ice beasts
  3 sky beasts
  29 orc warriors
  Purgy (Sewer)
  A phantom (D:5)
  A sky beast (shapeshifter) (Vaults:1)
  4 black bears
  22 ogres
  7 boggarts
  23 centaurs
  An eye of draining (D:11)
  13 wolves
  9 crocodiles
  21 big kobolds
  15 bullfrogs
  2 elf zombies (D:7)
  An elf skeleton (D:7)
  8 gnoll sergeants (Bailey)
  3 wyvern skeletons
  3 scorpions
  11 killer bees
  A wight (D:7)
  4 howler monkeys
  7 electric eels
  5 lava snakes (Lair:6)
  11 crimson imps
  3 bullfrog zombies
  2 human simulacra
  3 centaur zombies
  3 human zombies (D:7)
  2 quasits
  A yaktaur simulacrum (Vaults:1)
  9 hounds
  4 jellies
  16 orc wizards
  24 orc priests
  4 centaur skeletons
  6 gnoll shamans (Bailey)
  4 bullfrog skeletons
  Terence (D:2)
  A human skeleton (D:7)
  10 iguanas
  15 worker ants
  2 hound zombies
  2 hound skeletons
  2 mummies (D:7)
  18 gnolls
  14 adders
  3 shadow imps
  4 white imps
  An ooze (D:1)
  2 adder skeletons
  7 worms
  A dart slug (D:5)
  7 leopard geckos
  63 orcs
  2 giant cockroaches
  9 goblins
  13 hobgoblins
  12 jackals
  5 quokkas
  3 ball pythons
  11 bats
  5 frilled lizards
  A giant cockroach zombie (D:6)
  2 jackal skeletons (D:4)
  A jackal zombie (D:5)
  30 kobolds
  A leopard gecko zombie (D:6)
  An orc skeleton (D:7)
  2 quokka skeletons
  A quokka zombie (D:5)
  5 rats
  2 crawling corpses (Vaults:4)
  6 fungi
  5 plants
  2 starspawn tentacles (Abyss:3)
  A tentacle (Shoals:4)
  A withered plant (D:15)
1648 creatures vanquished.

Vanquished Creatures (others)
  The ghost of superterranean the Grappler, a journeyman TrHu of Okawaru (Orc:2)
  A merfolk javelineer (Shoals:4)
  A hell hog (Abyss:3)
  An orc high priest (Orc:2)
  A soul eater (Orc:2)
  A gelid demonspawn (Orc:2)
  An orc knight (Orc:2)
  A deep elf mage (Elf:1)
  2 black mambas
  An elephant (Lair:5)
  A spiny frog (Lair:6)
  5 komodo dragons
  An ice devil (Orc:2)
  A polar bear (Lair:6)
  A jumping spider (Spider:4)
  A merfolk (Shoals:1)
  2 blink frogs (Lair:6)
  A wyvern (Lair:6)
  7 yaks
  A basilisk (Lair:6)
  A hell hound (Lair:6)
  A water moccasin (Lair:5)
  2 orc warriors (Orc:2)
  3 wolves
  A boggart (D:15)
  2 ogres
  A centaur (Lair:1)
  A crocodile (Lair:6)
  A howler monkey (D:10)
  An electric eel (Lair:4)
  An orc priest (Orc:2)
  2 orc wizards
  An orc (Orc:2)
  25 fungi
  15 plants
  5 starspawn tentacles (Abyss:3)
  A tentacle (Shoals:4)
  3 withered plants (D:15)
99 creatures vanquished.

Grand Total: 1747 creatures vanquished

Notes
Turn   | Place    | Note
-------+----------+-------------------------------------------
     0 | D:1      | shenanigans the Barachi Skald began the quest for the Orb.
     0 | D:1      | Reached XP level 1. HP: 17/17 MP: 3/3
    80 | D:1      | Reached XP level 2. HP: 11/23 MP: 0/5
   594 | D:1      | Reached XP level 3. HP: 20/29 MP: 6/6
  1280 | D:2      | Found an iron altar of Okawaru.
  1289 | D:2      | Became a worshipper of Warmaster Okawaru
  1932 | D:2      | Noticed Terence
  1951 | D:2      | Killed Terence
  1951 | D:2      | Reached skill level 1 in Invocations
  1951 | D:2      | Reached XP level 4. HP: 19/35 MP: 7/7
  2171 | D:2      | Found a glowing golden altar of the Shining One.
  2532 | D:2      | Found a sacrificial altar of Ru.
  3048 | D:3      | Reached XP level 5. HP: 39/41 MP: 8/8
  3110 | D:3      | Found a shadowy altar of Dithmenos.
  3216 | D:3      | Found a glowing silver altar of Zin.
  3427 | D:3      | Found a deep blue altar of Sif Muna.
  3532 | D:4      | Found a glowing drain.
  3566 | Sewer    | Entered a sewer
  3680 | Sewer    | Noticed Purgy
  3733 | Sewer    | Killed Purgy
  3733 | Sewer    | Reached * piety under Okawaru
  3733 | Sewer    | Reached XP level 6. HP: 32/48 MP: 9/9
  3954 | D:4      | Noticed Edmund
  3957 | D:4      | Noticed Sigmund
  4181 | D:4      | Noticed an ice beast
  4199 | D:3      | Killed an ice beast
  4466 | D:4      | Found a white marble altar of Elyvilon.
  4517 | D:4      | Found a staircase to the Ecumenical Temple.
  4552 | Temple   | Entered the Ecumenical Temple
  4722 | D:4      | Killed Sigmund
  4722 | D:4      | Reached XP level 7. HP: 53/55 MP: 7/10
  4843 | D:4      | Killed Edmund
  4876 | D:4      | Reached ** piety under Okawaru
  4876 | D:4      | Reached skill level 5 in Fighting
  5283 | D:4      | Found Laffulac's Antique Armour Emporium.
  5365 | D:4      | Found an ornate altar of the Wu Jian Council.
  5412 | D:5      | Entered Level 5 of the Dungeon
  6313 | D:5      | Found a sacrificial altar of Ru.
  6550 | D:5      | Reached skill level 5 in Axes
  6550 | D:5      | Reached skill level 5 in Armour
  6550 | D:5      | Reached XP level 8. HP: 33/63 MP: 8/11
  7006 | D:5      | Found a snail-covered altar of Cheibriados.
  7025 | D:5      | Noticed Menkaure
  7033 | D:5      | Killed Menkaure
  7033 | D:5      | Reached skill level 5 in Invocations
  8298 | D:6      | Found a shattered altar of Ashenzari.
  8300 | D:6      | Found a sparkling altar of Nemelex Xobeh.
  8659 | D:6      | Got a smoking dagger
  8660 | D:6      | Identified the +4 dagger of the Valley of Death {freeze, +Blink rF++} (You found it on level 6 of the Dungeon)
  8970 | D:6      | Reached XP level 9. HP: 26/71 MP: 10/13
  9789 | D:4      | Bought a ruby-encrusted chain mail for 247 gold pieces
  9799 | D:4      | Identified the +4 chain mail of Untruth {rElec rPois Regen+ Stlth+} (You bought it in a shop on level 4 of the Dungeon)
  9809 | D:4      | Learned a level 2 spell: Song of Slaying
 10175 | D:7      | Reached *** piety under Okawaru
 10382 | D:7      | Reached skill level 1 in Shields
 10388 | D:7      | Found a basalt altar of Yredelemnul.
 10753 | D:8      | Found a bloodstained altar of Trog.
 11079 | D:8      | Noticed a kobold demonologist
 11115 | D:8      | Noticed a centaur warrior
 11140 | D:8      | Killed a centaur warrior
 11140 | D:8      | Reached **** piety under Okawaru
 11140 | D:8      | Reached XP level 10. HP: 62/80 MP: 12/14
 11165 | D:8      | Reached skill level 5 in Shields
 11248 | D:8      | Noticed a centaur warrior
 11289 | D:8      | Killed a centaur warrior
 11295 | D:8      | Noticed a sun demon
 11363 | D:8      | Noticed a smoke demon
 11602 | D:8      | Noticed a sixfirhy
 11617 | D:8      | Killed a kobold demonologist
 11947 | D:9      | Noticed a two-headed ogre
 11969 | D:8      | Killed a two-headed ogre
 11969 | D:8      | Reached ***** piety under Okawaru
 11998 | D:8      | Received a gift from Okawaru
 12046 | D:9      | Reached XP level 11. HP: 71/89 MP: 12/15
 12123 | D:9      | Noticed Joseph
 12209 | D:9      | Killed Joseph
 12254 | D:9      | Noticed Erica
 12372 | D:8      | Killed Erica
 12407 | D:9      | Received a gift from Okawaru
 12680 | D:9      | Found a staircase to the Lair.
 12884 | D:10     | Entered Level 10 of the Dungeon
 12927 | D:10     | Found a hide-covered altar of Uskayaw.
 13036 | D:10     | Reached skill level 10 in Fighting
 13416 | D:10     | Reached skill level 10 in Armour
 13548 | D:10     | Received a gift from Okawaru
 13548 | D:10     | Reached skill level 10 in Shields
 13558 | D:10     | Reached XP level 12. HP: 36/98 MP: 6/16
 14012 | D:11     | Found a large runed door.
 14012 | D:11     | Found a large runed door.
 14037 | D:11     | Found a large runed door.
 14037 | D:11     | Found a large runed door.
 14069 | D:11     | Noticed a seven-headed hydra
 14078 | D:11     | Killed a seven-headed hydra
 14180 | D:11     | Noticed Sonja
 14229 | D:11     | Found a staircase to the Orcish Mines.
 14260 | D:11     | Noticed a two-headed ogre
 14262 | D:11     | Noticed a seven-headed hydra
 14267 | D:10     | Reached skill level 1 in Stealth
 14370 | Lair:1   | Entered Level 1 of the Lair of Beasts
 14552 | Lair:1   | Got a polished hat
 14558 | Lair:1   | Identified the +3 hat of Dawn {MP+9 Str+4} (You found it on level 1 of the Lair of Beasts)
 14771 | Lair:1   | Found a glowing golden altar of the Shining One.
 15200 | Lair:1   | Reached skill level 10 in Axes
 15817 | Lair:2   | Noticed Nergalle
 15825 | Lair:2   | Banished Nergalle
 16155 | Lair:2   | Noticed a five-headed hydra
 16165 | Lair:2   | Killed a five-headed hydra
 16165 | Lair:2   | Received a gift from Okawaru
 16513 | Lair:2   | Reached skill level 5 in Dodging
 16858 | Lair:3   | Noticed a six-headed hydra
 16866 | Lair:3   | Killed a six-headed hydra
 16948 | Lair:3   | Noticed Snorg
 16968 | Lair:3   | Killed Snorg
 16974 | Lair:3   | Received a gift from Okawaru
 16974 | Lair:3   | Gained mutation: You can hop long distances. [Barachi growth]
 16974 | Lair:3   | Reached XP level 13. HP: 77/106 MP: 17/17
 17025 | Lair:3   | Found a hole to the Spider Nest.
 17878 | Lair:4   | Identified a scroll of acquirement
 17930 | Lair:4   | Found a staircase to the Shoals.
 18019 | Lair:4   | Reached ****** piety under Okawaru
 18719 | Lair:5   | Found an iron altar of Okawaru.
 18980 | Lair:5   | Received a gift from Okawaru
 19305 | Lair:6   | Entered Level 6 of the Lair of Beasts
 19510 | Lair:6   | Reached skill level 5 in Stealth
 19584 | Lair:6   | Reached XP level 14. HP: 97/114 MP: 18/18
 19776 | Lair:6   | Found a large runed door.
 19777 | Lair:6   | Found a large runed door.
 19879 | Lair:6   | Received a gift from Okawaru
 20254 | Lair:6   | Found a viscous altar of Jiyva.
 20254 | Lair:6   | Found a staircase to the Slime Pits.
 21203 | Orc:1    | Entered Level 1 of the Orcish Mines
 21240 | Orc:1    | Paralysed by an orc sorcerer for 5 turns
 21529 | Orc:1    | Found a roughly hewn altar of Beogh.
 21743 | Orc:1    | Paralysed by an orc sorcerer for 3 turns
 21846 | Orc:1    | Found a burning altar of Makhleb.
 21920 | Orc:2    | Entered Level 2 of the Orcish Mines
 22006 | Orc:2    | Paralysed by an orc sorcerer for 7 turns
 22259 | Orc:2    | Noticed superterranean's ghost (journeyman TrHu)
 22413 | Orc:2    | Banished superterranean's ghost
 22435 | Orc:2    | Found a staircase to the Elven Halls.
 22863 | Orc:2    | Found Ulubucal's Food Shoppe.
 22905 | Orc:2    | Found Ohaaguadgh's Food Emporium.
 23110 | Orc:2    | Paralysed by an orc sorcerer for 7 turns
 23429 | Orc:2    | Reached skill level 10 in Dodging
 23498 | Orc:2    | Received a gift from Okawaru
 23528 | Orc:2    | Reached XP level 15. HP: 109/122 MP: 19/19
 23529 | Orc:2    | Found Zipnuad's Antique Weapon Shop.
 23529 | Orc:2    | Found Sush's Gadget Boutique.
 23529 | Orc:2    | Found a one-way gate leading to the halls of Pandemonium.
 23626 | Orc:1    | Cast into level 4 of the Abyss (a distortion unwield)
 23715 | Abyss:4  | Noticed a bone dragon
 23805 | Orc:1    | Escaped the Abyss
 23906 | D:11     | Received a gift from Okawaru
 23951 | D:11     | Killed Sonja
 24561 | D:12     | Found a flagged portal.
 24571 | Bailey   | Entered a bailey
 25266 | D:12     | Found a hide-covered altar of Uskayaw.
 25631 | D:13     | Noticed Frances
 25650 | D:13     | Killed Frances
 25878 | D:13     | Found a gate to the Vaults.
 25893 | D:14     | Received a gift from Okawaru
 26972 | D:15     | Entered Level 15 of the Dungeon
 27007 | D:15     | Received a gift from Okawaru
 27032 | D:15     | Found a staircase to the Depths.
 27051 | D:15     | Reached XP level 16. HP: 131/131 MP: 20/20
 28302 | Spider:1 | Entered Level 1 of the Spider Nest
 28488 | Spider:1 | Received a gift from Okawaru
 29943 | Spider:3 | Received a gift from Okawaru
 30406 | Spider:3 | Received a gift from Okawaru
 30406 | Spider:3 | Reached skill level 10 in Stealth
 30409 | Spider:3 | Got a faintly glowing crystal plate armour {god gift}
 30623 | Spider:3 | Found the +3 salamander hide armour {+Rage rF++}
 30643 | Spider:3 | Identified the +9 crystal plate armour "Diuwe" {Dex+6} (Okawaru gifted it to you on level 3 of the Spider Nest)
 30690 | Spider:3 | Noticed Kirke
 30711 | Spider:3 | Killed Kirke
 31196 | Spider:4 | Entered Level 4 of the Spider Nest
 31208 | Spider:4 | Reached XP level 17. HP: 138/138 MP: 22/22
 32037 | Spider:4 | Received a gift from Okawaru
 33080 | Spider:4 | Got a gossamer rune of Zot
 33404 | Shoals:1 | Entered Level 1 of the Shoals
 33664 | Shoals:1 | Noticed Nikola
 33797 | Shoals:1 | Killed Nikola
 33956 | Shoals:1 | Reached skill level 15 in Axes
 34321 | Shoals:1 | Learned a level 1 spell: Apportation
 34323 | Shoals:1 | Learned a level 1 spell: Summon Butterflies
 34939 | Shoals:2 | Received a gift from Okawaru
 35043 | Shoals:2 | Reached XP level 18. HP: 122/147 MP: 23/23
 35741 | Shoals:3 | Noticed Jorgrun
 35763 | Shoals:3 | Reached skill level 15 in Shields
 35805 | Shoals:3 | Killed Jorgrun
 35850 | Shoals:3 | Noticed Polyphemus
 36047 | Shoals:3 | Killed Polyphemus
 36047 | Shoals:3 | Reached skill level 15 in Fighting
 36290 | Shoals:3 | Noticed Louise
 36308 | Shoals:3 | Cast into level 2 of the Abyss (Louise)
 36308 | Abyss:2  | Found a corrupted altar of Lugonu.
 36328 | Abyss:2  | Found a basalt altar of Yredelemnul.
 36336 | Abyss:2  | Got a smoking chain mail
 36342 | Abyss:2  | Found a corrupted altar of Lugonu.
 36429 | Abyss:2  | Reached skill level 15 in Dodging
 36565 | Abyss:2  | Reached skill level 15 in Armour
 36886 | Shoals:3 | Escaped the Abyss
 36906 | Shoals:3 | Killed Louise
 37142 | Shoals:3 | Received a gift from Okawaru
 37475 | Shoals:3 | Identified the +1 chain mail "Koliefi" {Regen+} (You found it on level 2 of the Abyss)
 37501 | Shoals:4 | Entered Level 4 of the Shoals
 37518 | Shoals:4 | Found a shimmering altar of Xom.
 38390 | Shoals:4 | Noticed Ilsuiw
 38408 | Shoals:4 | Reached XP level 19. HP: 155/155 MP: 23/24
 38565 | Shoals:4 | Killed Ilsuiw
 38635 | Shoals:4 | Received a gift from Okawaru
 38678 | Shoals:4 | Got a barnacled rune of Zot
 38686 | Shoals:4 | Got a polished hat {god gift}
 38697 | Shoals:4 | Identified the +0 hat of Uminaxesk {Regen+ Dex+8} (Okawaru gifted it to you on level 4 of the Shoals)
 39498 | Vaults:1 | Entered Level 1 of the Vaults
 39591 | Vaults:1 | Found a ruined gateway.
 39621 | Desolati | Entered the Desolation of Salt
 40401 | Vaults:1 | Reached skill level 5 in Spellcasting
 40471 | Vaults:1 | Received a gift from Okawaru
 40592 | Vaults:1 | Noticed Asterion
 40640 | Vaults:1 | Got a slimy glass ring
 40665 | Vaults:1 | Identified the ring "Ocwanott" {Int+6 SInv} (You found it on level 1 of the Vaults)
 40708 | Vaults:1 | Killed Asterion
 40821 | Vaults:1 | Received a gift from Okawaru
 41113 | Vaults:2 | Found Ujafax's Armour Boutique.
 41393 | Vaults:2 | Reached XP level 20. HP: 165/165 MP: 25/29
 41489 | Vaults:2 | Paralysed by a great orb of eyes for 5 turns
 41778 | Vaults:2 | Found a staircase to the Crypt.
 41778 | Vaults:2 | Found a basalt altar of Yredelemnul.
 41779 | Vaults:2 | Found an ancient bone altar of Kikubaaqudgha.
 41982 | Vaults:2 | Received a gift from Okawaru
 42112 | Vaults:2 | Found Veriy's Book Boutique.
 42225 | Vaults:2 | Found Ryoduquy's General Store.
 42231 | Vaults:2 | Bought a scroll of fear for 73 gold pieces
 42344 | Vaults:2 | Found Zuecru Feha's Jewellery Shoppe.
 42350 | Vaults:2 | Bought an uncursed amulet of regeneration for 360 gold pieces
 42521 | Vaults:2 | Found Raiseoq's Antique Weapon Shoppe.
 42530 | Vaults:2 | Bought a runed broad axe for 231 gold pieces
 42530 | Vaults:2 | Bought a glowing broad axe for 231 gold pieces
 43772 | Vaults:3 | Received a gift from Okawaru
 43840 | Vaults:3 | Reached XP level 21. HP: 173/173 MP: 25/34
 44272 | Vaults:3 | Cast into level 3 of the Abyss (a lich)
 44288 | Abyss:3  | Identified the Collected Works on Doomed Protection
 44571 | Abyss:3  | Gained mutation: You are dopey. (Int -2) [a neqoxec]
 44574 | Abyss:3  | Gained mutation: You are robust. (+10% HP) [a neqoxec]
 44843 | Vaults:3 | Escaped the Abyss
 44944 | Vaults:4 | Reached skill level 10 in Spellcasting
 45299 | Vaults:4 | Found Josol's Book Boutique.
 45504 | Vaults:4 | Received a gift from Okawaru
 46230 | D:13     | Learned a level 3 spell: Conjure Flame
 46323 | D:15     | Learned a level 1 spell: Freeze
 46359 | Depths:1 | Entered Level 1 of the Depths
 46372 | Depths:1 | Paralysed by a sphinx for 7 turns
 46382 | Depths:1 | Reached skill level 1 in Fire Magic
 46402 | D:15     | Paralysed by an ogre mage for 3 turns
 46634 | Depths:1 | Found a one-way gate to the infinite horrors of the Abyss.
 46692 | Depths:1 | Found a portal to a secret trove of treasure.
 46711 | Depths:1 | Reached XP level 22. HP: 200/200 MP: 31/37
 46777 | Depths:1 | Reached skill level 5 in Fire Magic
 47124 | Depths:1 | Received a gift from Okawaru
 47387 | Depths:1 | Identified the Compendium of Dark Rites
 47394 | Depths:1 | Found a gateway to a ziggurat.
 47411 | Depths:1 | Noticed an ancient lich
 47444 | Depths:1 | Paralysed by a vampire knight for 5 turns
 47470 | Depths:1 | Paralysed by something for 2 turns
 47756 | Depths:1 | Found a gateway to Hell.
 47770 | Depths:1 | Paralysed by something for 2 turns
 48369 | Elf:1    | Entered Level 1 of the Elven Halls
 48460 | Elf:1    | Killed from afar by a deep elf knight

Vault maps used:
D:1:      nzn_arrival_settlement
D:2:      old_standard_altar, okawaru_ov_weapons_minmay,
          nicolae_ru_the_path_less_chosen, uniq_terence
D:3:      led_sif_pool, lemuel_crystal_altar, grunt_dithmenos_smoke
D:4:      nicolae_overflow_hidden_temple, minmay_temple_entry_trees,
          serial_shops, kennysheep_mini_moat, cheibrodos_sewer_entry_drain,
          first_ration, elyvilon_altar_4, uniq_sigmund, uniq_edmund
D:5:      kennysheep_mini, kennysheep_slug_shrine, uniq_menkaure
D:6:      kennysheep_steamy, grunt_temple_overflow_open
D:7:      lemuel_mausoleum_altar_yredelemnul
D:8:      minmay_bloctagon, basic_altar, nrook_loot_triangle
D:9:      erik_lair_island, uniq_joseph, uniq_erica
D:10:     basic_altar, hangedman_pestilent_swarm, minmay_misc_feat_plants,
          evilmike_butchery
D:11:     david_orc_3, minmay_hollow_rounded_squares, uniq_sonja
D:12:     basic_altar, enter_bailey_2, eino_jars
D:13:     lightli_vaults_fourway_checkpoint, serial_corexii_hall,
          corexii_hall_statues_s, corexii_hall_statues_t, minmay_checkerbox,
          uniq_frances
D:14:     nicolae_two_hexagons
D:15:     gammafunk_depths_entry_grave, patterned_corridor
Temple:   nicolae_temple_hex_pool
Lair:1:   lemuel_centaur_altar
Lair:2:   beast_lair_carwin_large_2, infiniplex_staircase_pool, uniq_nergalle
Lair:3:   nicolae_spider_entry_non_spiders, portal_ice_cave_entry_ice_beasts,
          beast_lair_carwin_9, grunt_megastairs_1, uniq_snorg
Lair:4:   shoals_dummy_entry, grunt_megastairs_4, serial_bayou_shore_a
Lair:5:   basic_altar
Lair:6:   cheibrodos_lair_end_hotspot, slime_altar_1
Shoals:1: uniq_nikola
Shoals:2: argonaut_gorgonesque
Shoals:3: uniq_polyphemus, uniq_jorgrun, uniq_louise
Shoals:4: shoals_end_grunt_ice, shoals_ilsuiw_ice, lemuel_oklob_altar
Spider:2: guppyfry_spider_mini_2
Spider:3: spider_trap, spiders_nest_spider_trap, uniq_kirke
Spider:4: grunt_spider_rune_circles
Orc:1:    basic_altar, nicolae_orc_pool_cavern, bloody_makhleb
Orc:2:    pf_orc_diabolical
Elf:1:    serial_shops, shop, nicolae_shop_stone, minmay_elf_sorcery
Vaults:1: vaults_room_hangedman_quadrants, v_misc_25, v_alt_pattern_6,
          vaults_mumra_hex, vaults_mumra_chevron_long, hangedman_vaults_trim,
          v_misc_17, ontoclasm_vaults_chip,
          portal_desolation_entry_nicolae_slug, uniq_asterion
Vaults:2: vaults_mumra_hexcomb, v_misc_16, ontoclasm_vaults_spin,
          ontoclasm_vaults_echo, minmay_crypt_entry_necro_gods,
          grunt_vaults_bifocal, hangedman_vaults_pinch, hangedman_vaults_nails,
          hangedman_vaults_river_flow, stair_cage_open,
          nicolae_vaults_border_crossing, v_alt_pattern_1, serial_shops, shop,
          shop_statue, nicolae_shop_window_shopping, shop, shop
Vaults:3: nicolae_vaults_ninety_degrees, v_rooms_5, v_misc_3, v_misc_5,
          ontoclasm_vaults_loading_screen, v_misc_13,
          ontoclasm_vaults_decontamination, dpeg_vaults_monster_box,
          nicolae_vaults_yaktaur_gun_rack, vaults_dpeg_encased_lava
Vaults:4: v_misc_27, hangedman_vaults_nodes, nicolae_vaults_puzzle_piece,
          v_alt_pattern_6, vaults_room_corners, v_misc_12, vaults_mumra_lcd,
          vaults_room_pools, vaults_room_fancy_cross, vaults_dpeg_diagonal,
          serial_shops, shop
Depths:1: enter_ziggurat_e, abyss_entry, grunt_decor_one_mirror,
          grunt_pan_entry_zigzag, nicolae_trove_entry_free_sample, hell_entry,
          minmay_misc_feat_secret_circle, st_stairs_12, minmay_misc_feat_five,
          minmay_misc_feat_four_crosses, hex_medium, dispersion_dpeg
Abyss:4:  nicolae_abyss_rune_star_stuff, evilmike_abyss_exit_16
Sewer:    sewer_big_baddie
Bailey:   bailey_polearm_gnolls_kennysheep, bailey

Skill      XL: |  1  2  3  4  5  6  7  8  9 10 11 12 13 14 15 16 17 18 19 20 21 22 |
---------------+-------------------------------------------------------------------+-----
Armour         | 2 3 4 5 6 7 8 10 11 12 13 14 15 16 17 | 17.3
Fighting       | 3 4 5 6 8 9 10 11 12 13 14 15 16 17 | 17.4
Axes           | 3 4 5 7 8 9 10 11 12 13 14 15 16 17 | 17.3
Invocations    | 1 2 3 4 6 7 |  7.0
Shields        | 4 7 10 11 12 13 14 15 16 17 | 17.1
Spellcasting   | 3 6 9 11 12 | 12.8
Dodging        | 5 8 10 11 12 14 15 16 17 | 17.6
Stealth        | 3 5 7 9 10 | 10.0
Fire Magic     | 4 8 |  8.1
Charms         | |  3.2

Action                   |  1- 3 |  4- 6 |  7- 9 | 10-12 | 13-15 | 16-18 | 19-21 | 22-24 || total
-------------------------+-------+-------+-------+-------+-------+-------+-------+-------++-------
Melee: Hand axe          |   154 |   238 |   491 |       |       |       |       |       ||   883
       Dagger            |       |       |   406 |   435 |       |       |       |       ||   841
       Punch             |       |       |     1 |       |       |       |       |       ||     1
       Scimitar          |       |       |       |   240 |       |       |       |       ||   240
       War axe           |       |       |       |   141 |     6 |       |       |       ||   147
       Broad axe         |       |       |       |   275 |  1500 |  1919 |  2139 |   589 ||  6422
Throw: Javelin           |       |    13 |    29 |    22 |    10 |    15 |       |       ||    89
 Cast: Infusion          |     2 |       |       |       |       |     1 |       |       ||     3
       Song of Slaying   |       |       |       |       |       |       |     1 |       ||     1
Invok: Heroism           |       |     2 |    13 |    23 |    37 |    60 |    46 |    17 ||   198
       Finesse           |       |       |       |     1 |     6 |     3 |     7 |     2 ||    19
 Abil: Hop               |     2 |     1 |     3 |     1 |     5 |     3 |     2 |     5 ||    22
Evoke: Wand              |       |       |       |    13 |    27 |       |       |       ||    40
  Use: Scroll            |       |     8 |     6 |     9 |    11 |     5 |    11 |     7 ||    57
       Potion            |       |     4 |     2 |     2 |     3 |       |     3 |     1 ||    15
 Stab: Sleeping          |       |       |       |       |     1 |     8 |     4 |       ||    13
       Distracted        |       |       |       |       |     1 |     3 |     1 |     1 ||     6
       Held in net/web   |       |       |       |       |       |     1 |       |       ||     1
       Petrified         |       |       |       |       |       |     1 |       |       ||     1
  Eat: Chunk             |     3 |     7 |    11 |    20 |    37 |    46 |    25 |     2 ||   151
       Ration            |       |     1 |     4 |     3 |     1 |     1 |     2 |     1 ||    13
Armor: Leather armour    |     2 |       |       |       |       |       |       |       ||     2
       Chain mail        |   105 |   155 |   501 |   655 |   688 |  1085 |   857 |   266 ||  4312
       Skin              |       |   138 |     2 |       |       |       |       |       ||   140
       Plate armour      |       |       |   114 |       |       |       |       |       ||   114
Dodge: Dodged            |    79 |    89 |   251 |   321 |   656 |  1105 |  1413 |   223 ||  4137
Block: Shield            |       |       |   120 |   687 |  1205 |  1820 |  1982 |       ||  5814
       Reflection        |       |       |       |       |       |       |    13 |       ||    13
       Large shield      |       |       |       |       |       |       |   216 |   556 ||   772
       Rpst.: Scimitar   |       |       |       |    26 |       |       |       |       ||    26

Table legend:
 A = Spawn XP
 B = Non-spawn XP
 C = Spawn XP percentage of total XP
 D = Spawn monster count
 E = Non-spawn monster count
 F = Spawn count percentage of total count
 G = Total turns spent on level
                    A         B        C        D         E        F      G
               +---------+---------+-------+---------+---------+-------+---------
         Total |   31834 |  609869 |   5.0 |      65 |    1616 |   3.9 | 48460
               +---------+---------+-------+---------+---------+-------+---------
           D:1 |       0 |      50 |   0.0 |       0 |      27 |   0.0 |  1259
           D:2 |       0 |      73 |   0.0 |       0 |      12 |   0.0 |  1199
           D:3 |       0 |     187 |   0.0 |       0 |      19 |   0.0 |  1490
           D:4 |       0 |     493 |   0.0 |       0 |      15 |   0.0 |  1512
           D:5 |       0 |     867 |   0.0 |       0 |      28 |   0.0 |  1815
           D:6 |       0 |    1004 |   0.0 |       0 |      22 |   0.0 |  2129
           D:7 |       0 |    1045 |   0.0 |       0 |      20 |   0.0 |   819
           D:8 |       0 |    6193 |   0.0 |       0 |      36 |   0.0 |  1351
           D:9 |       0 |    2529 |   0.0 |       0 |      42 |   0.0 |   902
          D:10 |       0 |    6824 |   0.0 |       0 |      57 |   0.0 |  1388
          D:11 |       0 |    7080 |   0.0 |       0 |      43 |   0.0 |   998
          D:12 |       0 |    4723 |   0.0 |       0 |      36 |   0.0 |   746
          D:13 |       0 |   13944 |   0.0 |       0 |      32 |   0.0 |   816
          D:14 |       0 |    9346 |   0.0 |       0 |      26 |   0.0 |   785
          D:15 |       0 |   14740 |   0.0 |       0 |      45 |   0.0 |  1683
        Lair:1 |       0 |    2854 |   0.0 |       0 |      15 |   0.0 |  1142
        Lair:2 |       0 |    4122 |   0.0 |       0 |      19 |   0.0 |  1426
        Lair:3 |       0 |   12100 |   0.0 |       0 |      53 |   0.0 |  1239
        Lair:4 |       0 |    3728 |   0.0 |       0 |      23 |   0.0 |  1142
        Lair:5 |       0 |    3972 |   0.0 |       0 |      19 |   0.0 |   597
        Lair:6 |       0 |   23078 |   0.0 |       0 |      83 |   0.0 |  1639
      Shoals:1 |       0 |   19002 |   0.0 |       0 |      31 |   0.0 |  1167
      Shoals:2 |       0 |   23628 |   0.0 |       0 |      50 |   0.0 |  1059
      Shoals:3 |       0 |   25595 |   0.0 |       0 |      32 |   0.0 |  1535
      Shoals:4 |       0 |   41620 |   0.0 |       0 |      67 |   0.0 |  1341
      Spider:1 |       0 |   10618 |   0.0 |       0 |      24 |   0.0 |   969
      Spider:2 |       0 |    8221 |   0.0 |       0 |      24 |   0.0 |   515
      Spider:3 |       0 |   23259 |   0.0 |       0 |      65 |   0.0 |  1401
      Spider:4 |       0 |   36398 |   0.0 |       0 |      74 |   0.0 |  2084
         Orc:1 |       0 |    3214 |   0.0 |       0 |      22 |   0.0 |   921
         Orc:2 |       0 |   15553 |   0.0 |       0 |      84 |   0.0 |  1561
         Elf:1 |       0 |    1895 |   0.0 |       0 |       3 |   0.0 |    91
      Vaults:1 |       0 |   30733 |   0.0 |       0 |      56 |   0.0 |  1654
      Vaults:2 |       0 |   64920 |   0.0 |       0 |      94 |   0.0 |  1518
      Vaults:3 |       0 |   70743 |   0.0 |       0 |     108 |   0.0 |  1861
      Vaults:4 |       0 |   22296 |   0.0 |       0 |      35 |   0.0 |   933
      Depths:1 |       0 |   70051 |   0.0 |       0 |      88 |   0.0 |  1474
       Abyss:2 |   11095 |    3804 |  74.5 |      24 |      18 |  57.1 |   578
       Abyss:3 |   15624 |    6604 |  70.3 |      35 |      13 |  72.9 |   571
       Abyss:4 |    5115 |       0 | 100.0 |       6 |       0 | 100.0 |   179
         Sewer |       0 |     136 |   0.0 |       0 |       6 |   0.0 |   387
        Bailey |       0 |    1233 |   0.0 |       0 |      30 |   0.0 |   363
    Desolation |       0 |   11394 |   0.0 |       0 |      20 |   0.0 |   148
               +---------+---------+-------+---------+---------+-------+---------
